AoeStats
← 517000417

Arabia

510747788Analyzed
1v1 RM · 17h ago on Oct 2, 2026· 56m 1s· 2 players
Game mode
Random Map
Map size
Tiny (2 player)
Population
200
Speed
Normal
Resources
Standard
Victory
Conquest
Starting age
Dark Age
Ending age
Imperial Age
RankedLock teamsTeams togetherTeam positionsShared explorationLock speedFull tech treeHidden civsTurbo modeCheats
Victory
Defeat
🇨🇳 Japanese · China
777
+18
🇩🇪 Turks · Germany
815
-18
517000417
11:48 Feudal Age
12:41 Man-at-Arms
19:37 Wheelbarrow
18:54 Double-Bit Axe
19:05 Gold Mining
24:51 Castle Age
23:24 Padded Archer Armor
23:44 Fletching
24:42 Scale Mail Armor
26:01 Thumb Ring
25:17 Elite Skirmisher
27:20 Hand Cart
27:16 Long Swordsman
28:25 Gambesons
28:27 Arson
30:55 Forging
31:48 Squires
39:17 Imperial Age
37:55 Chain Mail Armor
39:14 Leather Archer Armor
38:55 Bodkin Arrow
38:26 Pikeman
39:35 Bow Saw
39:30 Stone Mining
40:16 Gold Shaft Mining
41:38 Halberdier
43:41 Two-Handed Swordsman
50:58 Ring Archer Armor
50:29 Bracer
50:31 Husbandry
50:42 Bloodlines
51:14 Parthian Tactics
53:13 Chemistry
52:08 Loom
52:25 Heavy Cavalry Archer
53:16 Scale Barding Armor
56:31 Plate Mail Armor
56:37 Iron Casting
56:24 Chain Barding Armor
marius.zwei91
7:42 Loom
11:16 Feudal Age
16:09 Castle Age
17:03 Crossbowman
17:45 Fletching
37:36 Imperial Age
38:26 Cavalier
39:33 Double-Bit Axe
56:11 Bodkin Arrow
Connection lost

Rejoining the realm…

Still unreachable

The connection could not be restored.

Session expired

The server has moved on; the page needs a fresh start.